 Dungeon Crawl Stone Soup version 0.31-a0-1027-gfb7600b534 (webtiles) character file.

Game seed: 9862663250972316268

684 Gynju the Shooter (level 7, -1/54 HPs)
             Began as a Human Hunter on Nov 18, 2023.
             Was a Follower of Cheibriados.
             Slain by an iguana (3 damage)
             ... on level 4 of the Dungeon.
             The game lasted 00:07:34 (3725 turns).

Gynju the Shooter (Human Hunter)                    Turns: 3725, Time: 00:07:35

Health: -1/54      AC: 11    Str: 13      XL:     7   Next: 93%
Magic:  8/8        EV: 12    Int: 12      God:    Cheibriados [*.....]
Gold:   244        SH:  0    Dex: 19 (20) Spells: 6/6 levels left

rFire   . . .        a - +1 shortbow
rCold   + . .        (shield currently unavailable)
rNeg    . . .        r - +3 ring mail {rC+}
rPois   .            (no helmet)
rElec   .            (no cloak)
rCorr   .            k - +2 pair of gloves
SInv    .            (no boots)
Will    .....        (no amulet)
Stlth   +            (no ring)
HPRegen 0.29/turn    (no ring)
MPRegen 0.11/turn

%: no passive effects
@: very slow
A: no striking features
a: Renounce Religion, Bend Time


You were on level 4 of the Dungeon.
You worshipped Cheibriados.
Cheibriados was aware of your devotion.
You visited 2 branches of the dungeon, and saw 6 of its levels.

You collected 244 gold pieces.

Inventory:

Hand Weapons
 a - a +1 shortbow (weapon)
Armour
 k - a +2 pair of gloves (worn)
 r - a +3 ring mail of cold resistance (worn)
Scrolls
 j - 6 scrolls of noise
Potions
 d - 2 potions of heal wounds
 g - a potion of lignification
 i - a potion of might {unknown}
 p - 2 potions of mutation {unknown}
 q - a potion of curing {unknown}


   Skills:
 + Level 4.2 Fighting
 * Level 6.7 Ranged Weapons
 + Level 4.2 Dodging
 - Level 1.0 Stealth
 + Level 2.6 Invocations


You had 6 spell levels left.
You didn't know any spells.
Your spell library contained the following spells:

 Spells                   Type           Power      Damage    Failure   Level
 Ensorcelled Hibernation  Hex/Ice        0%         N/A       73%         2
 Summon Ice Beast         Ice/Summ       0%         N/A       100%        4
 Simulacrum               Ice/Necr       0%         N/A       100%        6
 Malign Gateway           Summ/Tloc      0%         N/A       100%        7
 Summon Horrible Things   Summ           0%         N/A       100%        8


Dungeon Overview and Level Annotations

Branches:
Dungeon (5/15)             Temple (1/1) D:4

Altars:
Ashenzari
Cheibriados
Elyvilon
Fedhas
Gozag
Hepliaklqana
Kikubaaqudgha
Makhleb
Nemelex Xobeh
Okawaru
Qazlal
Ru
Sif Muna
Trog
Uskayaw
Vehumet
Wu Jian
Xom
Yredelemnul
Zin
The Shining One

Shops:
D:3 ?


Message History

The hound bites you but does no damage.
You shoot an arrow. The arrow hits the hound.
The hound is moderately wounded.
The hound misses you. The iguana bites you!
The hound bites you but does no damage.
You shoot an arrow. The arrow closely misses the hound.
The hound bites you. The iguana barely misses you.
The hound bites you but does no damage. The iguana bites you.
You shoot an arrow. The arrow hits the hound!
The hound is almost dead.
The hound misses you. The iguana bites you.
You shoot an arrow. The arrow hits the hound.
You kill the hound!
Cheibriados appreciates the change of pace.
The iguana closely misses you.
You feel your dexterity returning.
You shoot an arrow. The arrow closely misses the iguana.
The iguana bites you!
* * * LOW HITPOINT WARNING * * *
You shoot an arrow. The arrow closely misses the iguana.
The iguana bites you but does no damage.
You shoot an arrow. The arrow hits the iguana.
The iguana is moderately wounded.
The iguana bites you!
* * * LOW HITPOINT WARNING * * *
The iguana bites you but does no damage.
You shoot an arrow.
The arrow hits the iguana but does no damage.
The iguana is moderately wounded.
The iguana bites you but does no damage.
You shoot an arrow. The arrow hits the iguana.
The iguana is heavily wounded.
The iguana bites you!
* * * LOW HITPOINT WARNING * * *
You shoot an arrow. The arrow hits the iguana.
The iguana is severely wounded.
The iguana closely misses you.
You shoot an arrow. The arrow barely misses the iguana.
The iguana bites you but does no damage.
The iguana bites you.
You die...

#.###....#.............## #.#
#.##..#.....#......# #.#
#.###..###.##...##.## #.#
#.####..##.###......##### #.#
#.#......<..###..#......#
#.###.#.........# #(.#.####.##
#..##.#.........# #......##..#
###.##.#.........###.#..#...#>#
...).>.........l@..#.##.###...#
###.##.#........†..#.##.####..#
#.##................#..# ##.#
#.................#..#.####.##
#####...............##.#.......#
......÷##########...##.#####...##
.#####.#### #...##...........
##........# ######......#..#.
#........# #......####.


You could see an iguana.

Vanquished Creatures
  Eustachio (D:4)
  2 phantoms
  Blork the orc (D:3)
  3 hounds
  An iguana (D:3)
  Natasha (thrice) (D:4)
  An orc wizard (D:4)
  3 adders
  2 worms (D:3)
  A dart slug (D:4)
  11 orcs
  2 endoplasms
  2 giant cockroaches
  7 goblins
  7 hobgoblins
  6 jackals
  5 kobolds
  7 ball pythons
  3 bats (D:1)
  4 frilled lizards
  A rat (D:3)
73 creatures vanquished.

Notes
Turn   | Place    | Note
-------+----------+-------------------------------------------
     0 | D:1      | Gynju the Human Hunter began the quest for the Orb.
     0 | D:1      | Reached XP level 1. HP: 16/16 MP: 1/1
    66 | D:1      | Reached XP level 2. HP: 22/22 MP: 2/2
   226 | D:1      | Reached XP level 3. HP: 28/28 MP: 3/3
   934 | D:3      | Identified the of Umoiz
  1018 | D:3      | Noticed a phantom
  1037 | D:3      | Killed a phantom
  1038 | D:3      | Reached skill level 5 in Ranged Weapons
  1038 | D:3      | Reached XP level 4. HP: 21/34 MP: 4/4
  1038 | D:3      | Reached XP level 5. HP: 25/40 MP: 5/5
  1182 | D:3      | Found Ogum Ihareg's Magic Scroll Emporium.
  2146 | D:3      | Found a hide-covered altar of Uskayaw.
  2148 | D:3      | Found a bloodstained altar of Trog.
  2148 | D:3      | Found a sparkling altar of Nemelex Xobeh.
  2148 | D:3      | Found a snail-covered altar of Cheibriados.
  2151 | D:3      | Found a sacrificial altar of Ru.
  2152 | D:3      | Found a glowing silver altar of Zin.
  2153 | D:3      | Found an iron altar of Okawaru.
  2165 | D:3      | Became a worshipper of Cheibriados the Contemplative
  2253 | D:4      | Noticed Natasha
  2261 | D:4      | Killed Natasha
  2262 | D:4      | Reached XP level 6. HP: 45/47 MP: 6/6
  2287 | D:4      | Noticed Eustachio
  2289 | D:4      | Noticed Blork the orc
  2289 | D:4      | Noticed Natasha
  2345 | D:3      | Killed Blork the orc
  2346 | D:3      | Reached skill level 1 in Invocations
  2512 | D:4      | Found a staircase to the Ecumenical Temple.
  2629 | D:4      | Killed Natasha
  2630 | D:4      | Reached skill level 6 in Ranged Weapons
  2630 | D:4      | Reached XP level 7. HP: 22/53 MP: 8/8
  2660 | Temple   | Entered the Ecumenical Temple
  3179 | D:4      | Killed Eustachio
  3388 | D:4      | Noticed Natasha
  3398 | D:4      | Killed Natasha
  3703 | D:5      | Entered Level 5 of the Dungeon
  3704 | D:5      | Reached * piety under Cheibriados
  3723 | D:4      | HP: 2/54 [iguana (7)]
  3725 | D:4      | Slain by an iguana

Illustrated notes

Levels and vault maps discovered:
D:1:      saegor_arrival_fortress, layout_rooms
D:2:      layout_rooms
D:3:      layout_basic, minitemple, serial_shops, shop_scrolls
D:4:      layout_rooms, minmay_temple_entry_wispy, uniq_natasha, uniq_eustachio,
          uniq_blork_the_orc
D:5:      layout_cave_pools, kennysheep_little_box, roderic_serpentine_path,
          kennysheep_generic_room_12
Temple:   eino_temple_lava

Skill      XL: |  1  2  3  4  5  6  7 |
---------------+----------------------+-----
Ranged Weapons | 5 6 |  6.7
Fighting       | 3 4 |  4.2
Dodging        | 3 4 |  4.2
Invocations    | 1 2 |  2.6
Stealth        | |  1.0

Action                     |  1- 3 |  4- 6 |  7- 9 || total
---------------------------+-------+-------+-------++-------
   Fire: Shortbow          |    80 |   197 |   113 ||   390
    Use: Potion            |       |     1 |       ||     1
         Scroll            |       |       |     9 ||     9
 Armour: Leather armour    |    19 |    46 |       ||    65
         Ring mail         |       |    91 |   169 ||   260
  Dodge: Dodged            |    16 |   157 |   137 ||   310

Table legend: (Time is in decaauts)
 A = Elapsed time spent in this place.
 B = Non-inter-level travel time spent in this place.
 C = Inter-level travel time spent in this place.
 D = Time resting spent in this place.
 E = Time spent auto-exploring this place.
 F = Levels seen in this place.
 G = Mean time per level.
                   A        B        C        D        E       F      G
               +--------+--------+--------+--------+--------+-----+--------+
         Total |   3996 |   3819 |    177 |    606 |   2429 |   6 |  666.0 |
       Dungeon |   3531 |   3359 |    172 |    161 |   2429 |   5 |  706.2 |
        Temple |    465 |    460 |      5 |    445 |      0 |   1 |  465.0 |
               +--------+--------+--------+--------+--------+-----+--------+

Top non-repeatable levels by time:
     D:3: 1385 daAuts
     D:4: 1082 daAuts
     D:2: 547 daAuts
     D:1: 504 daAuts
  Temple: 465 daAuts
     D:5: 11 daAuts
